Map: Bridgehead LE (Void)

Players

Bill - Winner!

  • Race: Zerg Zerg
  • League: Grandmaster

SticklerMac

  • Race: Terran Terran
  • League: Bronze

VOD

Have the link to the VOD?

Description

Time

  • Played on: July 31, 2015, 1:42 p.m.
  • Length: 15:27
Show
View Real Time Build Order
Export as new Build Order

Bill Zerg - Winner!

Build Orders: Hatch First 

Get SALT Encoding   

  12  0:03  Drone  
  13  0:08  Drone  
  14  0:37  Hatchery  
  14  0:40  Drone  
  14  0:55  Spawning Pool  
  13  0:57  Drone  
  14  1:07  Overlord  
  14  1:08  Extractor  
  13  1:14  Drone  
  14  1:28  Drone x2  
  16  2:01  Queen x2  
  18  2:02  Drone x4  
  24  2:13  Zergling x2  
  25  2:16  Overlord  
  25  2:29  Drone, Overlord  
  26  2:31  Metabolic Boost  
  26  2:32  Drone  
  27  2:41  Drone x2  
  29  2:45  Drone x2  
  31  2:52  Queen  
  33  2:59  Overlord, Drone  
  33  3:04  Extractor  
  33  3:11  Drone  
  33  3:12  Drone x4  
  38  3:18  Overlord  
  38  3:21  Drone x2  
  38  3:23  Drone  
  38  3:26  Drone  
  42  3:33  Lair  
  42  3:53  Zergling x6  
  42  3:54  Zergling x2  
  42  3:55  Hatchery, Drone  
  46  3:57  Drone  
  47  4:13  Drone x7  
  54  4:24  Overlord  
  54  4:26  Drone  
  54  4:27  Drone x5  
  60  4:43  Roach Warren  
  60  4:45  Drone x5, Infestation Pit  
  62  4:49  Extractor  
  62  4:50  Spine Crawler, Extractor  
  62  4:51  Evolution Chamber  
  62  4:52  Evolution Chamber  
  59  4:56  Spore Crawler  
  58  5:13  Drone x7  
  65  5:17  Queen  
  65  5:20  Drone x2  
  69  5:26  Zerg Missile Weapons Level 1, Zerg Ground Armor Level 1  
  69  5:31  Evolution Chamber  
  63  6:07  Zerg Melee Weapons Level 1  
  63  6:08  Drone  
  63  6:09  Drone x10  
  63  6:10  Overlord x3  
  74  6:12  Overlord, Pneumatized Carapace  
  74  6:13  Overlord x2  
  74  6:34  Zergling x2  
  74  6:35  Overlord x3, Zergling x6  
  78  6:40  Extractor  
  78  6:42  Extractor  
  76  6:55  Hatchery  
  76  6:57  Hive  
  76  6:58  Pathogen Glands, Glial Reconstitution  
  75  7:01  Drone  
  75  7:02  Drone x10  
  75  7:06  Overlord  
  86  7:14  Drone x6  
  92  7:29  Zerg Missile Weapons Level 2  
  92  7:30  Zerg Ground Armor Level 2  
  92  7:32  Drone x9  
  92  7:33  Drone x2  
  103  7:50  Extractor  
  102  7:51  Extractor  
  102  7:53  Overlord  
  101  8:02  Zerg Melee Weapons Level 2  
  101  8:08  Spire, Queen  
  102  8:21  Burrow  
  102  8:38  Hatchery  
  97  8:48  Viper  
  97  8:49  Viper x4  
  97  8:51  Overlord x2  
  97  8:52  Drone x3  
  97  8:53  Drone  
  116  9:06  Roach  
  116  9:07  Roach x14  
  116  9:09  Overlord  
  146  9:12  Spine Crawler, Roach x2  
  146  9:14  Spine Crawler x2  
  147  9:24  Spine Crawler  
  147  9:26  Spine Crawler  
  147  9:29  Roach  
  147  9:30  Spine Crawler, Roach x10  
  147  9:31  Spine Crawler  
  163  9:40  Roach  
  163  9:41  Overlord x2, Roach  
  163  9:42  Overlord  
  156  9:53  Overlord x2  
  145  10:04  Roach  
  145  10:05  Roach x7  
  145  10:06  Overlord x5  
  154  10:14  Overlord  
  154  10:15  Overlord  
  138  10:22  Roach x4  
  138  10:27  Roach x2  
  101  10:37  Zergling x2  
  101  10:38  Zergling x4  
  101  10:41  Roach  
  101  10:42  Baneling Nest  
  99  10:43  Queen  
  97  10:53  Spawning Pool  
  97  10:55  Ultralisk Cavern  
  97  10:56  Roach x6  
  106  10:58  Roach x3  
  100  11:42  Ultralisk  
  100  11:43  Ultralisk  
  100  11:44  Overlord x4  
  100  11:45  Overlord  
  110  11:51  Queen  
  109  11:56  Overlord x2  
  108  12:01  Ultralisk x2  
  108  12:11  Ultralisk  
  108  12:13  Ultralisk x3  
  122  12:17  Hatchery  
  122  12:21  Roach x17  
  122  12:22  Drone, Spawning Pool, Roach Warren  
  108  12:36  Drone x11  
  106  12:59  Chitinous Plating, Roach x17  
  106  13:04  Hatchery  
  106  13:05  Lair  
  105  13:08  Drone x4  
  91  13:44  Roach x2  
  91  13:45  Roach x7  
  109  13:56  Drone  
  104  14:36  Mutalisk x7  
  104  14:37  Mutalisk x2  
  122  14:42  Overlord x3  
  122  14:45  Extractor x2  
  120  14:50  Drone x3  
  123  15:01  Mutalisk x2  
  123  15:06  Drone  
  128  15:08  Hatchery, Overlord x3  
  128  15:09  Drone  
  128  15:10  Drone  
  128  15:13  Drone  
  128  15:14  Drone x3  
Show
View Real Time Build Order
Export as new Build Order

SticklerMac Terran 

Build Orders: MMM Bio 

Get SALT Encoding   

  12  0:01  SCV  
  13  0:13  SCV  
  14  0:19  Supply Depot  
  14  0:25  SCV  
  15  0:40  SCV  
  15  0:41  Barracks  
  16  0:52  SCV  
  17  0:58  Refinery  
  17  1:05  SCV  
  18  1:23  Command Center  
  18  1:24  SCV  
  19  1:34  Marine  
  20  1:40  Supply Depot  
  20  1:41  SCV  
  21  1:48  Supply Depot  
  21  1:53  SCV  
  22  2:06  Supply Depot  
  22  2:13  Marine  
  22  2:14  Factory  
  23  2:30  SCV  
  23  2:31  Marine  
  25  2:40  SCV  
  26  2:45  Supply Depot  
  26  2:46  SCV  
  27  2:55  SCV  
  27  2:58  SCV  
  29  3:01  Factory Tech Lab  
  29  3:04  Barracks Reactor  
  29  3:06  Refinery  
  29  3:08  SCV  
  29  3:10  SCV  
  31  3:14  Starport  
  31  3:18  Supply Depot  
  31  3:25  SCV x2  
  33  3:41  SCV  
  33  3:42  SCV  
  33  3:46  Supply Depot  
  35  3:53  SCV  
  35  3:54  SCV  
  37  3:57  Supply Depot  
  37  4:02  Supply Depot  
  37  4:03  Starport Reactor  
  37  4:05  Widow Mine  
  37  4:07  Marine  
  40  4:18  Barracks  
  40  4:21  SCV, Barracks  
  40  4:22  SCV  
  42  4:29  Supply Depot  
  42  4:31  Supply Depot, Marine  
  42  4:32  Marine  
  44  4:50  Marine  
  44  4:51  Marine  
  46  4:56  Barracks  
  46  4:57  SCV x2, Barracks  
  48  5:09  Barracks Tech Lab  
  48  5:10  Marine  
  48  5:11  Marine x2  
  51  5:17  Bunker  
  51  5:18  Bunker  
  51  5:21  Bunker  
  51  5:26  Widow Mine  
  53  5:28  Marine, Medivac  
  53  5:29  Marine  
  57  5:40  Marine x2  
  59  5:43  Stimpack  
  59  5:46  Marine  
  60  6:09  Marine x2  
  60  6:10  Barracks Tech Lab  
  62  6:13  Barracks Reactor  
  62  6:15  Barracks Reactor  
  62  6:16  Marine  
  63  6:19  Medivac x2  
  67  6:27  Marine x2  
  67  6:31  Engineering Bay  
  69  6:33  Engineering Bay  
  69  6:35  Marauder  
  69  6:38  Marauder  
  73  6:45  Marine x2  
  75  6:49  Medivac x2  
  79  6:55  Marine  
  79  6:59  Marine  
  79  7:00  Refinery  
  81  7:02  Refinery, Marine  
  81  7:03  Marine x3  
  81  7:04  Marine  
  81  7:05  Marine  
  81  7:07  SCV x2  
  89  7:10  Supply Depot  
  89  7:19  SCV  
  89  7:21  Supply Depot, Marine x3  
  89  7:22  Marine x2  
  95  7:54  Marine x3  
  95  7:55  Marine x5  
  103  8:00  Medivac  
  103  8:04  Medivac  
  107  8:07  Terran Infantry Weapons Level 1  
  107  8:12  Marine x4  
  109  8:13  Terran Infantry Armor Level 1, Marine x4  
  115  8:25  Combat Shields  
  115  8:30  Marine x4  
  119  8:42  Marine  
  119  8:43  Marine  
  119  8:44  Medivac  
  119  8:45  Marine  
  119  8:46  Marine  
  119  8:47  Marine  
  119  8:48  Marine x3  
  129  9:00  Marine x2  
  131  9:03  Marine x2  
  133  9:29  Marine x2  
  134  9:46  Marine  
  134  9:47  Marine  
  134  9:52  Marine  
  134  10:13  Supply Depot  
  134  10:14  Supply Depot, Marine  
  134  10:15  Supply Depot, Marine  
  134  10:16  Marine  
  134  10:22  Marine  
  134  10:23  Marine  
  134  10:25  Marine  
  134  10:26  Medivac, Marine x2  
  134  10:27  Medivac  
  130  10:32  Marine  
  122  10:39  Marine  
  123  10:49  Marine x2  
  124  10:50  Marine x5  
  130  10:57  Marine  
  131  11:07  Marine x3  
  131  11:08  Marine  
  135  11:11  Marine x2  
  135  11:12  Marine  
  135  11:15  Marine  
  135  11:16  Medivac x2  
  143  11:25  Marine x4  
  142  11:29  Marine x3  
  141  11:33  Marine  
  141  11:43  Marine x4  
  141  11:46  Medivac x2  
  139  11:47  Marine x3  
  139  11:51  Marine  
  136  12:00  Marine  
  136  12:01  Marine x3  
  128  12:05  Marine x3  
  127  12:08  Marine  
  125  12:16  Medivac  
  125  12:18  Marine x2  
  125  12:19  Marine x2  
  121  12:23  Marine x3  
  121  12:26  Marine  
  107  12:36  Marine x3  
  107  12:37  Marine  
  106  12:40  Marine  
  106  12:41  Marine x2  
  107  12:44  Marine  
  106  12:54  Marine x4  
  110  12:58  Marine x2  
  110  12:59  Marine  
  110  13:02  Marine  
  114  13:12  Marine x4  
  115  13:16  Marine x3  
  119  13:20  Marine  
  116  13:30  Marine x4  
  116  13:34  Marine x3  
  109  13:38  Marine  
  101  13:48  Marine  
  86  13:52  Marine  
Tags
 
Add a new tag
Caveats
  • Supply blocks, unpowered buildings, or Contaminate may cause inaccurate times.
  • Supply counts are checked every 10 seconds.